 Dungeon Crawl Stone Soup version 0.31.0-9-g3a7656b989 (webtiles) character file.

Game seed: 4125458598903074753

311 qw the Shooter (level 6, 0/30 HPs)
             Began as a Spriggan Hunter on Feb 2, 2024.
             Slain by a scorpion (6 damage)
             ... on level 5 of the Dungeon.
             The game lasted 00:00:13 (2759 turns).

qw the Shooter (Spriggan Hunter)                    Turns: 2759, Time: 00:00:14

Health: 0/30       AC:  5    Str:  7    XL:     6   Next: 18%
Magic:  7/7        EV: 20    Int: 11    God:
Gold:   248        SH:  0    Dex: 20    Spells: 5/5 levels left

rFire   . . .        a - +2 shortbow
rCold   . . .        (shield currently unavailable)
rNeg    . . .        c - +0 robe
rPois   .            (helmet restricted)
rElec   .            g - +2 cloak
rCorr   .            (gloves unavailable)
SInv    +            (boots unavailable)
Will    +....        (no amulet)
Stlth   ++           (no ring)
HPRegen 0.25/turn    (no ring)
MPRegen 0.10/turn

%: no passive effects
@: lethally poisoned (0 -> -10), very quick
A: very small, no large weapons, unfitting armour, see invisible, speed 3
a: no special abilities


You were on level 5 of the Dungeon.
You visited 1 branch of the dungeon, and saw 5 of its levels.

You collected 248 gold pieces.


Innate Abilities, Weirdness & Mutations

You are very small and have problems with some larger weapons.
You are too small for most types of armour.
You have supernaturally acute eyesight. (SInv)
You cover ground extremely quickly. (Speed+++)


   Skills:
 - Level 2.0 Fighting
 - Level 6.3 Ranged Weapons
 + Level 5.4 Dodging
 - Level 1.5 Stealth


You had 5 spell levels left.
You didn't know any spells.
Your spell library was empty.

Inventory:

Hand Weapons
 a - a +2 shortbow (weapon)
Armour
 c - a +0 robe (worn)
 g - a +2 cloak (worn)
Wands
 e - a wand of flame (4)

Dungeon Overview and Level Annotations

Branches:
Dungeon (5/15)
 Temple: D:4-7

Altars:
Elyvilon
Makhleb
Yredelemnul


Message History

The scorpion is moderately wounded.
You shoot an arrow. The arrow hits the scorpion.
The scorpion is heavily wounded.
The scorpion stings you but does no damage.
You shoot an arrow.
The arrow hits the scorpion but does no damage.
The scorpion is heavily wounded.
The scorpion stings you.
You are poisoned.
The scorpion poisons you!
You shoot an arrow.
The arrow hits the scorpion but does no damage.
The scorpion is heavily wounded.
You feel very sick. The scorpion completely misses you.
You shoot an arrow.
The arrow completely misses the scorpion.
You feel very sick. The scorpion barely misses you. x2
You shoot an arrow. The arrow hits the scorpion.
The scorpion is heavily wounded.
You feel sick. The scorpion misses you.
You shoot an arrow. The arrow hits the scorpion.
The scorpion is severely wounded.
You feel sick.
The scorpion stings you but does no damage.
You shoot an arrow. The arrow hits the scorpion.
The scorpion is almost dead.
You feel sick. The scorpion misses you. The scorpion stings you.
You are lethally poisoned!
The scorpion poisons you!
You shoot an arrow. The arrow hits the scorpion.
The scorpion is almost dead.
You feel very sick. The scorpion barely misses you.
You shoot an arrow. The arrow hits the scorpion.
The scorpion is almost dead.
You feel very sick. The scorpion stings you.
You die...

#............
#####.####...# ##
#............## ..#
#<###.####....##....
#.# #.##............
#.# #.##.##....##..
#.# #.##.###.#.###.
... #.##.#..>.......
..# #.##..@s.#......
#.. ...###$..#.####.
..# #......
...[..... ###)....##
#....... #.#$..##
.##.##


You could see a scorpion.

Vanquished Creatures
  A scorpion (D:4)
  2 hounds (D:4)
  A scorpion zombie (D:3)
  A gnoll (D:1)
  3 adders
  An adder zombie (D:3)
  4 dart slugs
  4 ribbon worms
  5 orcs
  6 ball pythons
  11 endoplasms
  3 giant cockroaches
  5 goblins
  6 hobgoblins
  10 jackals
  4 quokkas
  A ball python zombie (D:3)
  8 bats
  15 frilled lizards
  A giant cockroach zombie (D:3)
  7 kobolds
  9 rats
108 creatures vanquished.

Notes
Turn   | Place    | Note
-------+----------+-------------------------------------------
     0 | D:1      | qw the Spriggan Hunter began the quest for the Orb.
     0 | D:1      | Reached XP level 1. HP: 10/10 MP: 2/2
     0 | D:1      | 0 ||| qw: Version: 0.3-a-155-g5e7d8dd
     0 | D:1      | 0 ||| qw: Game counter: 1718
     0 | D:1      | 0 ||| qw: Melee chars always use a shield: true
     0 | D:1      | 0 ||| qw: God list: Okawaru
     0 | D:1      | 0 ||| qw: Allow faded altars: false
     0 | D:1      | 0 ||| qw: Do Orc after clearing Dungeon:15 true
     0 | D:1      | 0 ||| qw: Do second Lair branch before Depths: true
     0 | D:1      | 0 ||| qw: Lair rune preference: random
     0 | D:1      | 0 ||| qw: Goals: Normal
     0 | D:1      | 0 ||| PLANNING D:1-11
    40 | D:1      | Reached skill level 3 in Dodging
   171 | D:1      | Reached XP level 2. HP: 14/14 MP: 3/3
   318 | D:1      | You fall into a shaft and drop 1 floor!
   368 | D:2      | 368 ||| UPGRADING to +2 cloak.
   373 | D:2      | 373 ||| READING scroll labelled VIVAPE NORHEA.
   377 | D:2      | 377 ||| READING scroll labelled DAETTE LOTUNEBB.
   377 | D:2      | 377 ||| IDENTIFYING scroll labelled YSOLEBE CAOH
   378 | D:2      | 378 ||| DROPPING scroll of butterflies.
   379 | D:2      | 379 ||| DROPPING scroll of immolation.
   382 | D:2      | 382 ||| FLEEEEING.
   383 | D:2      | 383 ||| FLEEEEING.
   384 | D:2      | 384 ||| FLEEEEING.
   385 | D:2      | 385 ||| FLEEEEING.
   403 | D:1      | Reached XP level 3. HP: 18/18 MP: 4/4
   704 | D:1      | Found a faded altar of an unknown god.
   849 | D:1      | 849 ||| READING scroll of identify.
   849 | D:1      | 849 ||| IDENTIFYING brown potion
   850 | D:1      | 850 ||| DROPPING potion of invisibility.
   942 | D:2      | Reached skill level 5 in Ranged Weapons
   972 | D:2      | Reached XP level 4. HP: 22/22 MP: 5/5
  1282 | D:2      | 1282 ||| READING scroll of identify.
  1282 | D:2      | 1282 ||| IDENTIFYING viscous green potion
  1283 | D:2      | 1283 ||| READING scroll labelled XUQEMAW LAGI.
  1284 | D:2      | 1284 ||| READING scroll labelled YMMUXT GIUN.
  1284 | D:2      | 1284 ||| ENCHANTING +0 shortbow.
  1285 | D:2      | 1285 ||| READING scroll labelled ECEVACSEUQ.
  1286 | D:2      | 1286 ||| DROPPING potion of attraction.
  1378 | D:3      | Reached XP level 5. HP: 26/26 MP: 6/6
  1385 | D:3      | Found a basalt altar of Yredelemnul.
  1415 | D:3      | 1415 ||| READING scroll of enchant weapon.
  1415 | D:3      | 1415 ||| ENCHANTING +1 shortbow.
  1833 | D:3      | Found a burning altar of Makhleb.
  1929 | D:3      | 1929 ||| DROPPING ring of wizardry.
  1930 | D:3      | 1930 ||| READING scroll of identify.
  1930 | D:3      | 1930 ||| IDENTIFYING orange potion
  1931 | D:3      | 1931 ||| DROPPING potion of degeneration.
  2093 | D:4      | Found a white marble altar of Elyvilon.
  2322 | D:4      | Reached skill level 6 in Ranged Weapons
  2322 | D:4      | Reached XP level 6. HP: 30/30 MP: 7/7
  2699 | D:4      | 2699 ||| READING scroll of identify.
  2699 | D:4      | 2699 ||| IDENTIFYING white potion
  2700 | D:4      | 2700 ||| DROPPING potion of magic.
  2728 | D:5      | Entered Level 5 of the Dungeon
  2729 | D:5      | 2729 ||| PLANNING OSSUARY
  2759 | D:5      | HP: 6/30 [poisoned by a scorpion]
  2759 | D:5      | Slain by a scorpion

Levels and vault maps discovered:
D:1:      nicolae_arrival_washed_ashore, layout_basic,
          dreamdust_ecumenical_altar_grove, minmay_misc_feat_more_columns,
          minmay_box_of_dots
D:2:      layout_basic, minmay_lizard_king
D:3:      layout_loops_ring, nicolae_yredelemnul_corpse_copse,
          lightli_temple_of_fire
D:4:      layout_cave_pods, nicolae_overflow_hidden_temple,
          dreamdust_mushroom_princess
D:5:      layout_loops_ring, slow_altar_1,
          nicolae_dithmenos_through_a_glass_darkly,
          minmay_temple_entry_sparse_star, lightli_ossuary_entry_decrepit_ruins,
          saegor_snake_ambush

Skill      XL: |  1  2  3  4  5 |
---------------+----------------+-----
Dodging        | 3 4 5 |  5.4
Ranged Weapons | 5 6 |  6.3
Fighting       | 2 |  2.0
Stealth        | |  1.5

Action                     |  1- 3 |  4- 6 || total
---------------------------+-------+-------++-------
   Fire: Shortbow          |   123 |   177 ||   300
    Use: Scroll            |     3 |     7 ||    10
 Armour: Robe              |     7 |    15 ||    22
  Dodge: Dodged            |    38 |    51 ||    89

Table legend:
 A = Non-vault XP
 B = Vault XP
 C = Vault XP percentage of total XP
 D = Non-vault monster count
 E = Vault monster count
 F = Vault count percentage of total count
                 A         B        C        D         E       F
            +---------+---------+-------+---------+---------+-------
      Total |     375 |      70 |  15.7 |      92 |      16 |  14.8
            +---------+---------+-------+---------+---------+-------
        D:1 |      39 |      15 |  27.8 |      24 |       2 |   7.7
        D:2 |      71 |      10 |  12.3 |      28 |      10 |  26.3
        D:3 |      67 |      45 |  40.2 |      23 |       4 |  14.8
        D:4 |     198 |       0 |   0.0 |      17 |       0 |   0.0
            +---------+---------+-------+---------+---------+-------
